 Dungeon Crawl Stone Soup version 0.29.1-15-g9cfb28693d (webtiles) character file.

Game seed: 13856979776442143117

2 Eitelfritz the Grave Robber (level 1, 0/13 HPs)
             Began as a Demonspawn Necromancer on Mar 9, 2023.
             Slain by a kobold
             ... wielding a +0 dagger
              (3 damage)
             ... on level 1 of the Dungeon.
             The game lasted 00:00:30 (117 turns).

Eitelfritz the Grave Robber (Demonspawn Necromancer) Turns: 117, Time: 00:00:30

Health: 0/13       AC:  2    Str:  8    XL:     1   Next: 33%
Magic:  0/3        EV: 12    Int: 16    God:
Gold:   11         SH:  0    Dex: 13    Spells: 3/4 levels left

rFire   . . .      SeeInvis .   (no weapon)
rCold   . . .      Faith    .   (no shield)
rNeg    . . .      Spirit   .   a - +0 robe
rPois   .          Reflect  .   (no helmet)
rElec   .          Harm     .   (no cloak)
rCorr   .          Rampage  .   (no gloves)
Will    .....                   (no boots)
Stlth   ++........              (no amulet)
HPRegen 0.04/turn               (no ring)
MPRegen 0.08/turn               (no ring)

@: no status effects
A: no striking features
a: no special abilities


You were on level 1 of the Dungeon.
You visited 1 branch of the dungeon, and saw 1 of its levels.

You collected 11 gold pieces.

Inventory:

Armour
 a - a +0 robe (worn)
Potions
 b - a potion of magic


   Skills:
 + Level 1.7 Dodging
 + Level 1.7 Stealth
 + Level 2.1 Spellcasting
 + Level 4.4 Necromancy


You had 3 spell levels left.
You knew the following spells:

 Your Spells              Type           Power      Damage    Failure   Level
a - Necrotise             Necr           60%        1d7       3%          1

Your spell library contained the following spells:

 Spells                   Type           Power      Damage    Failure   Level
 Vampiric Draining        Necr           15%        2d7       10%         3
 Animate Dead             Necr           15%        N/A       32%         4
 Agony                    Necr           15%        N/A       67%         5


Dungeon Overview and Level Annotations

Branches:
Dungeon (1/15)

Altars:


Message History

Moving in this stuff is going to be slow.
Found a stone staircase leading down.
Found a buckler.
A goblin comes into view. It is wielding a +0 dagger.
Found 15 gold pieces.
The goblin shouts!
You see here a scroll labelled VOFRAA AVOL.
Casting: Necrotise (safe; 3% risk of failure)
Confirm with . or Enter, or press ? or * to list all spells.
Aiming: Necrotise (safe; 3% risk of failure)
Press: ? - help, Shift-Dir - straight line, f - goblin
Aim: a goblin, wielding a +0 dagger (chance to affect: 85%)
The goblin writhes in agony.
The goblin closely misses you.
A kobold comes into view. It is wielding a +0 dagger.
Unknown command.
Casting: Necrotise (safe; 3% risk of failure)
Confirm with . or Enter, or press ? or * to list all spells.
Aiming: Necrotise (safe; 3% risk of failure)
Press: ? - help, Shift-Dir - straight line, f/p - goblin
Aim: a goblin, wielding a +0 dagger (moderately wounded, chance to affect: 85%)
The goblin writhes in agony.
The kobold shouts!
The goblin hits you with a +0 dagger.
Casting: Necrotise (safe; 3% risk of failure)
Confirm with . or Enter, or press ? or * to list all spells.
Aiming: Necrotise (safe; 3% risk of failure)
Press: ? - help, Shift-Dir - straight line, f/p - goblin
Aim: a goblin, wielding a +0 dagger (heavily wounded, chance to affect: 85%)
The goblin writhes in agony.
You kill the goblin!
The dead are walking!
You barely miss the kobold. The kobold misses you.
You closely miss the kobold. The kobold hits you with a +0 dagger.
You hit the kobold but do no damage. The kobold hits you with a +0 dagger.
Your goblin skeleton completely misses the kobold.
You hit the kobold but do no damage. The kobold hits you with a +0 dagger.
* * * LOW HITPOINT WARNING * * *
Your goblin skeleton hits the kobold but does no damage.
The kobold attacks as you move away! The kobold hits you with a +0 dagger.
You die...

♣~~~~~♣♣.# #####
♣♣~~~~~♣♣.### ....
♣≈~~~~~≈♣....
###.##..###♣♣~~~~~≈♣.###
$....?.).>.~~♣♣♣≈≈~~.#
#Z##..~♣♣♣♣♣~..#
#.###...........##.#
#....K..........##.#
#####@.#........##.#
#..#........##.#
#..........#.##.#
#...###...##.##.#
#...............#
#.#.####.###.#### #. .#
#.# .# #. .# #.# #.#


You could see a kobold (ally target) and a friendly goblin skeleton.

Vanquished Creatures
  2 goblins (D:1)
2 creatures vanquished.

Notes
Turn   | Place    | Note
-------+----------+-------------------------------------------
     0 | D:1      | Eitelfritz the Demonspawn Necromancer began the quest for
                  | the Orb.
     0 | D:1      | Reached XP level 1. HP: 13/13 MP: 3/3
   117 | D:1      | Slain by a kobold

Illustrated notes

Levels and vault maps discovered:
D:1:      reono_arrival_forest_river, layout_loops_ring,
          shapermc_ecumenical_altar_petra, chequers_serial_rivers_room_b

Action                   || total
-------------------------++-------
Melee: Unarmed           ||     4
 Cast: Necrotise         ||     4
Dodge: Dodged            ||     3
